AoeStats
← BeardedMedusa

African Clearing

504181626Analyzed
4v4 RM · 29d ago on Sep 4, 2026· 61m 41s· 8 players
Game mode
Random Map
Map size
Large (8 player)
Population
200
Speed
Normal
Resources
Standard
Victory
Conquest
Starting age
Dark Age
Ending age
Imperial Age
RankedLock teamsTeams togetherTeam positionsShared explorationLock speedFull tech treeHidden civsTurbo modeCheats
Victory
Defeat
🇩🇪 Tupi · Germany
1747
+7
🇺🇸 Inca · United States
1577
+13
🇺🇸 Burgundians · United States
1480
+17
🇳🇿 Tatars · New Zealand
1467
+17
🇨🇳 Khitans · China
1527
-14
🇻🇳 Goths · Vietnam
1520
-14
🇩🇪 Malians · Germany
1509
-13
🇨🇳 Romans · China
1495
-13
Senetar
4:09 Loom
13:27 Feudal Age
14:45 Double-Bit Axe
17:45 Castle Age
15:32 Horse Collar
16:45 Scale Barding Armor
16:52 Forging
17:38 Bloodlines
18:06 Wheelbarrow
18:55 Chain Barding Armor
24:33 Husbandry
32:55 Iron Casting
32:28 Squires
35:16 Hand Cart
34:46 Town Watch
36:54 Tigui
39:11 Fletching
47:42 Bow Saw
致远Deepgame
11:58 Feudal Age
12:29 Loom
12:34 Double-Bit Axe
16:32 Forging
17:11 Scale Barding Armor
17:01 Domestication
23:34 Castle Age
23:42 Light Cavalry
24:22 Husbandry
25:29 Iron Casting
26:28 Bow Saw
37:30 Wheelbarrow
37:00 Pastoralism
37:33 Chain Barding Armor
41:42 Imperial Age
39:06 Elite Skirmisher
40:09 Fletching
40:19 Padded Archer Armor
41:19 Hand Cart
40:49 Town Watch
42:14 Ballistics
42:38 Padded Archer Armor
42:48 Bodkin Arrow
44:01 Bracer
44:39 Heavy Camel Rider
45:36 Treadmill Crane
46:57 Chemistry
46:55 Transhumance
47:35 Town Watch
48:15 Leather Archer Armor
49:01 Plate Barding Armor
49:57 Ring Archer Armor
52:07 Two-Man Saw
50:44 Hussar
52:41 Lamellar Armor
52:57 Conscription
53:58 Elite Liao Dao
54:30 Stone Mining
55:05 Scale Mail Armor
55:50 Thumb Ring
56:01 Murder Holes
tigerdownhill_
9:23 Loom
12:46 Feudal Age
14:10 Man-at-Arms
17:57 Fletching
20:36 Double-Bit Axe
20:31 Horse Collar
24:45 Forging
26:04 Scale Mail Armor
32:40 Wheelbarrow
39:17 Castle Age
40:28 Chain Mail Armor
39:36 Long Swordsman
40:19 Squires
43:40 Bow Saw
49:18 Gold Mining
50:19 Town Watch
57:26 Heavy Plow
57:20 Stone Mining
zymini
14:19 Loom
25:41 Feudal Age
27:47 Double-Bit Axe
27:46 Horse Collar
28:01 Stone Mining
30:56 Castle Age
32:41 Bow Saw
33:03 Fletching
35:06 Town Watch
36:11 Bodkin Arrow
36:46 Bloodlines
38:01 Padded Archer Armor
40:19 Ballistics
43:18 Wheelbarrow
44:37 Leather Archer Armor
48:58 Imperial Age
46:51 Heavy Plow
49:25 Ballistas
49:16 Heavy Scorpion
51:47 Chemistry
50:53 Siege Engineers
53:51 Masonry
53:36 Murder Holes
58:31 Capped Ram
Thundernips, The Ultimate Gigolo
12:19 Feudal Age
12:29 Loom
13:34 Double-Bit Axe
16:42 Wheelbarrow
18:12 Castle Age
16:51 Double-Bit Axe
19:42 Wheelbarrow
19:53 Bow Saw
20:54 Fishing Lines
22:56 Horse Collar
22:50 Champi Runner
23:43 Champi Warrior
24:24 Squires
25:24 Scale Mail Armor
26:56 Chain Mail Armor
27:32 Forging
27:18 Arson
27:32 Pikeman
29:23 Fletching
30:41 Bodkin Arrow
41:43 Hand Cart
42:49 Iron Casting
47:00 Imperial Age
44:53 Heavy Plow
44:44 Gold Mining
47:15 Ballistics
47:03 Capped Ram
48:14 Plate Mail Armor
48:44 Blast Furnace
47:06 Elite Champi Warrior
47:16 Halberdier
48:10 Bracer
48:03 Siege Ram
48:54 Siege Engineers
49:50 Chemistry
48:49 Murder Holes
49:09 Masonry
50:50 Crop Rotation
50:56 Gold Shaft Mining
50:13 Stone Mining
50:47 Fabric Shields
52:51 Conscription
54:07 Town Watch
56:37 Guilds
56:58 Coinage
57:35 Stone Shaft Mining
57:00 Treadmill Crane
57:55 Sappers
59:00 Banking
59:38 Hoardings
59:08 Andean Sling
YOGRANNYCANTSCRAP
5:00 Loom
11:18 Double-Bit Axe
14:05 Feudal Age
19:07 Forging
21:24 Scale Barding Armor
24:26 Fletching
32:49 Fishing Lines
33:30 Gillnets
46:14 Castle Age
46:57 Bow Saw
50:36 Two-Man Saw
53:52 Horse Collar
55:59 Heavy Plow
58:50 Wheelbarrow
59:07 Crop Rotation
60:51 Hand Cart
64:25 Imperial Age
62:22 Chain Barding Armor
62:38 Iron Casting
BeardedMedusa
10:22 Loom
14:19 Feudal Age
17:50 Castle Age
18:26 Wheelbarrow
18:38 Fishing Lines
20:17 Double-Bit Axe
21:34 Bow Saw
21:28 Fletching
22:45 Town Watch
25:14 Bodkin Arrow
26:51 Ballistics
26:32 Padded Archer Armor
29:55 Bloodlines
32:08 Leather Archer Armor
32:02 Husbandry
35:07 Stone Mining
40:22 Imperial Age
38:40 Hand Cart
41:20 Bracer
42:27 Chemistry
42:42 Ring Archer Armor
41:43 Heavy Cavalry Archer
44:19 Masonry
43:49 Treadmill Crane
44:15 Siege Engineers
46:26 Silk Armor
46:47 Conscription
46:50 Town Patrol
46:59 Scale Barding Armor
47:05 Forging
49:16 Gold Mining
48:54 Light Cavalry
49:57 Chain Barding Armor
51:40 Horse Collar
52:51 Gold Shaft Mining
53:07 Timurid Siegecraft
57:41 Plate Barding Armor
57:10 Hussar
59:23 Heavy Plow
59:55 Coinage
daumasson
26:46 Loom
32:24 Feudal Age
39:35 Castle Age
42:12 Wheelbarrow
45:33 Town Watch
49:20 Hand Cart
54:31 Imperial Age
52:41 Pikeman
53:22 Fletching
53:36 Champi Runner
54:16 Squires
54:42 Arson
55:09 Forging
54:59 Scale Mail Armor
54:35 Champi Warrior
55:24 Double-Bit Axe
55:28 Horse Collar
56:50 Iron Casting
56:50 Chain Mail Armor
56:25 Elite Champi Warrior
60:04 Plate Mail Armor
61:16 Caciques
Connection lost

Rejoining the realm…

Still unreachable

The connection could not be restored.

Session expired

The server has moved on; the page needs a fresh start.